 Dungeon Crawl Stone Soup version 0.31-a0-1237-gabc64e778c (webtiles) character file.

Game seed: 6612754032227121989

2516128 freelancePsychic the Scorcher (level 27, 250/250 (276) HPs)
             Began as a Demonspawn Venom Mage on Dec 12, 2023.
             Was the Champion of Ashenzari.
             Escaped with the Orb
             ... and 5 runes on Dec 16, 2023!
             The game lasted 03:42:09 (99189 turns).

freelancePsychic the Scorcher (DsVM)               Turns: 99189, Time: 03:42:10

HP:   250/250 (276) AC: 24    Str: 11    XL:     27
MP:   45/45         EV: 23    Int: 31    God:    Ashenzari [******]
Gold: 1201          SH: 17    Dex: 16    Spells: 7/63 levels left

rFire   + + +        P - staff "Eternal With Me" (curse) {Conj, Elem, Alch} (curse)
rCold   + . .        L - +3 kite shield of the Tethered Suspicion {rC+, Self, Bglg} (curse)
rNeg    . . .        U - +3 troll leather armour of Ashenzari's Moon {Regen+, Cun, Bglg} (curse)
rPois   +            X - +1 helmet "Tethered Shame" {Regen+ Int+4 Dex+2, Bglg, Melee} (curse)
rElec   .            b - +2 cloak of the Unyielding Gaze {rPois, Cun, Fort} (curse)
rCorr   .            (gloves unavailable)
SInv    +            D - +2 pair of boots of the Eternal Annoyance {rF+, Int+2, Fort, Self} (curse)
Will    ++++.        g - amulet of the Tethered Sun {RegenMP, Comp, Elem} (curse)
Stlth   +            w - ring of Ouranomancy {rF+, Bglg, Self} (curse)
HPRegen 2.21/turn    y - ring of Ashenzari's Pessimism {AC+4, Melee, Bglg} (curse)
MPRegen 0.69/turn

%: clarity
@: studying Armour, drained
A: claws 3, rugged brown scales 3, hurl damnation, foul stench 3, spiny 3,
torment resistance 1, demonic willpower, berserk 1, clumsy 1, fire resistance 1,
strong-willed 1, robust 1, no potion heal 1, inability to drink after injury 1,
inability to read after injury 1
0: Orb of Zot
}: 5/15 runes: serpentine, barnacled, slimy, silver, abyssal
a: Hurl Damnation, Renounce Religion, Shatter the Chains


You escaped.
You worshipped Ashenzari.
Ashenzari was exalted by your worship.
You visited 11 branches of the dungeon, and saw 55 of its levels.
You visited the Abyss 1 time.
You also visited: Trove, Sewer, Gauntlet, Volcano and Wizlab.

You collected 7847 gold pieces.
You spent 6646 gold pieces at shops.

Inventory:

Armour
 b - the cursed +2 cloak of the Unyielding Gaze (worn) {rPois, Cun, Fort}
   (You found it on level 2 of the Snake Pit)

   It has a curse which improves the following skills: Cunning: Dodging and
   Stealth.
   Fortitude: Armour and Shields.
 D - the cursed +2 pair of boots of the Eternal Annoyance (worn) {rF+, Int+2, Fort, Self}
   (You bought it in a shop on level 4 of the Depths)

   Int+2:     It affects your intelligence (+2).
   It has a curse which improves the following skills: Fortitude: Armour and
   Shields.
   Introspection: Fighting and Spellcasting.
 J - the +8 tower shield of Creativity {*Corrode ^Drain Regen+ Str+5}
   (You found it in a treasure trove)

   Str+5:     It affects your strength (+5).
   Regen+:    It increases your rate of health regeneration.
   *Corrode:  It may corrode you when you take damage.
   ^Drain:    It drains your maximum health when unequipped.
 L - the cursed +3 kite shield of the Tethered Suspicion (worn) {rC+, Self, Bglg}
   (You took it off a naga warrior on level 4 of the Snake Pit)

   It has a curse which improves the following skills: Introspection: Fighting
   and Spellcasting.
   Beguiling: Conjurations, Hexes and Translocations.
 U - the cursed +3 troll leather armour of Ashenzari's Moon (worn) {Regen+, Cun, Bglg}
   (You found it on level 1 of the Vaults)

   Regen+:    It increases your rate of health regeneration.
   It has a curse which improves the following skills: Cunning: Dodging and
   Stealth.
   Beguiling: Conjurations, Hexes and Translocations.
 X - the cursed +1 helmet "Tethered Shame" (worn) {Regen+ Int+4 Dex+2, Bglg, Melee}
   (You found it in a treasure trove)

   Int+4:     It affects your intelligence (+4).
   Dex+2:     It affects your dexterity (+2).
   Regen+:    It increases your rate of health regeneration.
   It has a curse which improves the following skills: Beguiling: Conjurations,
   Hexes and Translocations.
   Melee Combat: Short Blades, Long Blades, Axes, Maces & Flails, Polearms,
   Staves and Unarmed Combat.
Magical Staves
 P - the cursed staff "Eternal With Me" (weapon) {Conj, Elem, Alch}
   (You found it on level 1 of the Lair of Beasts)

   [staff of conjuration]

   Base accuracy: +5 Base damage: 5 Base attack delay: 1.2 This weapon's minimum
   attack delay (0.6) is reached at skill level 12.
   Conj:      It increases the power of your Conjurations spells.
   It falls into the 'Staves' category.
   It is a one-handed weapon.
   It has a curse which improves the following skills: Elements: Fire Magic, Ice
   Magic, Air Magic and Earth Magic.
   Alchemy:   Poison Magic and Transmutations.
Jewellery
 c - the ring "Couffytt" {Fly rElec Will+ Slay+3}
   (You found it in a Gauntlet)

   [ring of flight]

   Slay+3:    It affects your accuracy & damage with ranged weapons and melee
   (+3).
   rElec:     It insulates you from electricity.
   Will+:     It increases your willpower.
   Fly:       It grants you flight.
 g - the cursed amulet of the Tethered Sun (around neck) {RegenMP, Comp, Elem}
   (You took it off a deep elf pyromancer on level 3 of the Elven Halls)

   [amulet of magic regeneration]

   RegenMP:   It increases your rate of magic regeneration.
   It has a curse which improves the following skills: Companions: Summonings
   and Necromancy.
   Elements:  Fire Magic, Ice Magic, Air Magic and Earth Magic.
 k - an amulet of regeneration
 w - the cursed ring of Ouranomancy (left claw) {rF+, Bglg, Self}
   (You found it on level 15 of the Dungeon)

   [ring of protection from fire]

   rF+:       It protects you from fire.
   It has a curse which improves the following skills: Beguiling: Conjurations,
   Hexes and Translocations.
   Introspection: Fighting and Spellcasting.
 y - the cursed ring of Ashenzari's Pessimism (right claw) {AC+4, Melee, Bglg}
   (You found it on level 5 of the Dungeon)

   [ring of protection]

   AC+4:      It affects your AC (+4).
   It has a curse which improves the following skills: Melee Combat: Short
   Blades, Long Blades, Axes, Maces & Flails, Polearms, Staves and Unarmed
   Combat.
   Beguiling: Conjurations, Hexes and Translocations.
Talismans
 l - a talisman of death
Wands
 h - a wand of paralysis (50)
 t - a wand of flame (104)
 u - a wand of light (1)
 H - a wand of digging (21)
 I - a wand of mindburst (78)
 M - a wand of polymorph (30)
 W - a wand of roots (78)
Scrolls
 e - a scroll of enchant armour
 j - 3 scrolls of immolation
 m - 4 scrolls of torment
 n - 13 scrolls of teleportation {@r4}
 q - 2 scrolls of butterflies
 v - 2 scrolls of silence
 z - 6 scrolls of enchant weapon
 B - 5 scrolls of blinking
 C - 10 scrolls of vulnerability
 F - 5 scrolls of fear
 G - 8 scrolls of poison
 N - 5 scrolls of fog
 Q - 8 scrolls of revelation
 R - 6 scrolls of brand weapon
Potions
 d - 29 potions of curing {@q1}
 f - a potion of heal wounds {@q2}
 i - 10 potions of mutation
 o - 8 potions of invisibility
 s - 4 potions of resistance
 x - 2 potions of ambrosia
 A - 3 potions of haste {@q3}
 E - 4 potions of cancellation
 O - 12 potions of might
 S - 5 potions of brilliance
 T - 8 potions of attraction
 V - 5 potions of lignification
Miscellaneous
 a - a phantom mirror
 p - a lightning rod (4/4)
 K - a tin of tremorstones (inert)
 Y - a sack of spiders
 Z - a phial of floods


   Skills:
 - Level 19.1(23.5) Fighting
 - Level 1.6(4.0) Short Blades
 - Level 12.0(15.5) Staves
 - Level 8.3(12.0) Armour
 - Level 18.4(21.8) Dodging
 - Level 1.7(4.2) Stealth
 - Level 13.5(17.1) Shields
 - Level 13.9(18.6) Spellcasting
 + Level 17.4(23.8) Conjurations
 - Level 17.0(23.5) Hexes
 - Level 11.4(13.8) Summonings
 - Level 6.9(9.4) Transmutations
 + Level 19.2(22.5) Fire Magic
 - Level 3.0(6.0) Air Magic
 - Level 8.3(11.9) Earth Magic
 - Level 8.8(11.3) Poison Magic
 - Level 7.4 Evocations


You had 7 spell levels left.
You knew the following spells:

 Your Spells              Type           Power      Damage    Failure   Level
a - Discord               Hex            54%        N/A       1%          8
b - Lehudib's Crystal Sp  Conj/Erth      59%        10d14     12%         8
c - Spellforged Servitor  Conj/Summ      60%        N/A       1%          7
d - Olgreb's Toxic Radia  Pois           78%        N/A       1%          4
e - Yara's Violent Unrav  Hex/Tmut       46%        3d18      1%          5
f - Mephitic Cloud        Conj/Pois/Air  100%       N/A       1%          3
g - Starburst             Conj/Fire      65%        6d17      1%          6
h - Irradiate             Conj/Tmut      57%        3d30      1%          5
i - Orb of Destruction    Conj           66%        9d16      1%          7
j - Ignite Poison         Fire/Tmut/Pois 87%        N/A       1%          3

Your spell library contained the following spells:

 Spells                   Type           Power      Damage    Failure   Level
 Foxfire                  Conj/Fire      100%       2x1d9     0%          1
 Shock                    Conj/Air       100%       1d9       0%          1
 Slow                     Hex            100%       N/A       0%          1
 Jinxbite                 Hex            100%       N/A       0%          2
 Confusing Touch          Hex            100%       N/A       0%          3
 Dazzling Flash           Conj/Hex       100%       N/A       0%          3
 Inner Flame              Hex/Fire       100%       N/A       0%          3
 Sigil of Binding         Hex            100%       N/A       0%          3
 Stone Arrow              Conj/Erth      100%       3d13      0%          3
 Tukima's Dance           Hex            100%       N/A       0%          3
 Cause Fear               Hex            54%        N/A       0%          4
 Flame Wave               Conj/Fire      100%       2d21      0%          4
 Fulminant Prism          Conj/Hex       66%        3d28      0%          4
 Sticky Flame             Conj/Fire      100%       2d11      0%          4
 Fireball                 Conj/Fire      65%        3d25      0%          5
 Iskenderun's Battlesphe  Conj           100%       2d15      0%          5
 Apportation              Tloc           70%        N/A       1%          1
 Kiss of Death            Conj/Necr      100%       2d13      1%          1
 Sandblast                Erth           100%       2d20      1%          1
 Sting                    Tmut/Pois      100%       1d8       1%          1
 Cigotuvi's Dreadful Rot  Necr/Pois/Air  100%       N/A       1%          2
 Passwall                 Tmut/Erth      63%        N/A       1%          2
 Poisonous Vapours        Pois/Air       100%       N/A       1%          2
 Wereblood                Tmut           73%        N/A       1%          2
 Call Canine Familiar     Summ           85%        N/A       1%          3
 Volatile Blastmotes      Fire/Tloc      100%       2d18      1%          3
 Anguish                  Hex/Necr       40%        N/A       1%          4
 Animate Armour           Summ/Erth      100%       N/A       1%          4
 Brom's Barrelling Bould  Conj/Erth      100%       2d11      1%          4
 Dimensional Bullseye     Hex/Tloc       40%        N/A       1%          4
 Iskenderun's Mystic Bla  Conj/Tloc      100%       2d19      1%          4
 Leda's Liquefaction      Hex/Erth       47%        N/A       1%          4
 Petrify                  Tmut/Erth      76%        N/A       1%          4
 Alistair's Intoxication  Tmut/Pois      50%        N/A       1%          5
 Arcjolt                  Conj/Air       55%        1d65      1%          5
 Lee's Rapid Deconstruct  Erth           40%        3d20*     1%          5
 Metabolic Englaciation   Hex/Ice        40%        N/A       1%          5
 Silence                  Hex/Air        44%        N/A       1%          5
 Summon Mana Viper        Hex/Summ       98%        N/A       1%          5
 Bombard                  Conj/Erth      59%        9d10      1%          6
 Conjure Ball Lightning   Conj/Air       55%        3x3d20    1%          6
 Plasma Beam              Fire/Air       43%        2x1d57    1%          6
 Summon Cactus Giant      Summ           42%        N/A       1%          6
 Enfeeble                 Hex            54%        N/A       1%          7
 Necrotise                Necr           100%       1d9       2%          1
 Lesser Beckoning         Tloc           70%        N/A       3%          2
 Summon Forest            Summ/Tloc      33%        N/A       3%          5
 Sublimation of Blood     Necr           30%        N/A       4%          2
 Eringya's Noxious Bog    Tmut/Pois      37%        4d6       6%          6
 Vhi's Electric Charge    Tloc/Air       100%       N/A       7%          4
 Borgnjor's Vile Clutch   Necr/Erth      30%        N/A       7%          5
 Ozocubu's Armour         Ice            31%        N/A       8%          3
 Vampiric Draining        Necr           30%        2d8       8%          3
 Summon Hydra             Summ           42%        N/A       9%          7
 Passage of Golubria      Tloc           35%        N/A       19%         4
 Animate Dead             Necr           30%        N/A       26%         4
 Dispel Undead            Necr           30%        3d14      26%         4
 Agony                    Necr           30%        N/A       58%         5
 Malign Gateway           Summ/Tloc      33%        N/A       75%         7
 Haunt                    Necr/Summ      32%        N/A       80%         7
 Dispersal                Tloc           17%        N/A       96%         6
 Simulacrum               Ice/Necr       15%        N/A       98%         6
 Death Channel            Necr           15%        N/A       99%         6
 Ozocubu's Refrigeration  Ice            15%        4d10      100%        7
 Ignition                 Fire           53%        3d15      1%          8
 Fire Storm               Conj/Fire      65%        8d17      22%         9
 Summon Horrible Things   Summ           42%        N/A       56%         8
 Borgnjor's Revivificati  Necr           15%        N/A       100%        8
 Disjunction              Tloc           17%        N/A       100%        8
 Infestation              Necr           15%        N/A       100%        8
 Maxwell's Capacitive Co  Air            30%        ∞         100%        8
 Chain Lightning          Conj/Air       55%        3d73      100%        9
 Death's Door             Necr           15%        N/A       100%        9
 Polar Vortex             Ice            15%        12d2*     100%        9
 Shatter                  Erth           40%        3d31*     100%        9


Dungeon Overview and Level Annotations

Branches:
Dungeon (15/15)            Temple (0/1) D:4            Lair (5/5) D:10
 Shoals (4/4) Lair:3        Snake (4/4) Lair:3        Slime (5/5) Lair:5
    Orc (2/2) D:9             Elf (3/3) Orc:2        Vaults (5/5) D:13
  Crypt (3/3) Vaults:2       Tomb (0/3) Crypt:3      Depths (4/4) D:15
    Zot (5/5) Depths:4      Sewer (visited)         Volcano (visited)
 WizLab (visited)         Gauntlet (visited)

Altars:
Ashenzari
Hepliaklqana
Kikubaaqudgha
Nemelex Xobeh
Okawaru
Sif Muna
Trog
Vehumet
Yredelemnul
Jiyva

Shops:
D:2 =   D:4 ((   Orc:2 ?:*([   Elf:3 (   Shoals:3 :   Snake:1 :   Snake:2 !![
Snake:4 ?   Vaults:2 [   Vaults:3 :   Vaults:4 (   Depths:1 =:=   Depths:4 *

Portals:
Hell: Depths:1 Depths:2 Depths:3 Depths:4
Abyss: Depths:1 Depths:3 Depths:4
Pandemonium: Depths:2
Ziggurat: Depths:4

Annotations:
Lair:1 3 runed translucent doors, Tauromancer's ghost, novice GnWn
Elf:2 2 runed translucent doors
Elf:3 2 runed translucent doors, pigah's ghost, adept OpSh
Depths:2 2 transporters
Zot:3 2 transporters, exclusions: sensed monster (detected) and tentacled monstrosity


Innate Abilities, Weirdness & Mutations

You have claws for hands.
You are completely covered in rugged brown scales. (AC +3, +7% HP)
You can hurl damnation.
You frequently emit foul miasma when damaged in melee.
You are completely covered in sharp spines.
You are resistant to unholy torment.
You punish those that try to bend your will. (Will+)
You sometimes lose your temper in combat.
You are clumsy. (Dex -2)
Your flesh is heat resistant. (rF+)
You are strong-willed. (Will+)
You are robust. (+10% HP)
Potions are less effective at restoring your health.
You occasionally lose the ability to drink potions when taking damage.
You occasionally lose the ability to read scrolls when taking damage.


Message History

No target in view!
No target in view!
No target in view!
No target in view!
No target in view!
No target in view!
No target in view!
No target in view!
What level of the Dungeon? (default 1, ? - help) HP restored.
Magic restored.
Your magical contamination has completely faded away.
A tormentor comes into view.
Your spellforged servitor gestures at the tormentor while chanting.
The crystal spear hits the tormentor!!!
The tormentor dies!
There is a stone staircase leading up here.
What level of the Dungeon? (default 1, ? - help)
You climb upwards.
There is a stone staircase leading down here.
There is a stone staircase leading up here.
You climb upwards.
There is a stone staircase leading down here.
There is an open door here.
There is a stone staircase leading up here.
You climb upwards.
There is a stone staircase leading down here.
You see here a +0 halberd.
There is a stone staircase leading up, spattered with blood here.
You climb upwards.
There is a stone staircase leading down here.
You see here a +0 club.
You sense a monster nearby.
A lorocyproca comes into view.
The lorocyproca gives a chilling moan.
There is a dry fountain, spattered with blood here.
You block the lorocyproca's attack.
The lorocyproca attacks as it pursues you!
You block the lorocyproca's attack.
There is a staircase leading out of the dungeon here.
You have escaped!

#.## #. #..# #.
##.### #. #...###.
######......
########..........)
#⌠...⌠##.##......#.
#.....##.##......##
#.@2>.##..........#
#.....###.)#.......
#⌠...⌠####.#.######
######.#..##.......
##.####.#####. ###
#.# #. ### #. #.
###########


You could see a lorocyproca (invisible).

Vanquished Creatures
  the Royal Jelly (Slime:5)
  A dread lich (Zot:5)
  2 ancient liches (Zot:5)
  Mara (Depths:1)
  4 orbs of fire (Zot:5)
  2 antique champions (WizLab)
  5 Killer Klowns
  A royal mummy (Crypt:3)
  Bai Suzhen (Shoals:4)
  Saint Roka (Snake:2)
  4 curse toes
  3 caustic shrikes (Depths:4)
  Nikola (Vaults:3)
  2 pandemonium lords
  3 golden dragons
  2 electric golems
  18 tentacled monstrosities
  Zenata (Crypt:2)
  A hellephant (Abyss:3)
  A walking earthen tome (Depths:2)
  7 liches
  A walking divine tome (Depths:2)
  6 titans
  21 Orb Guardians
  7 quicksilver dragons
  11 acid blobs
  2 deep elf blademasters (Elf:3)
  5 sphinxes
  7 ancient champions
  4 tengu reavers
  5 death cobs
  An Executioner (D:5)
  7 storm dragons
  Aizul (Snake:1)
  7 draconian monks
  6 shadow dragons
  2 nagarajas (Snake:4)
  A rockslime (Slime:5)
  2 revenants
  A demonspawn warmonger (D:8)
  3 draconian knights
  5 daevas
  9 azure jellies
  5 fire giants
  A draconian shifter (Zot:2)
  4 frost giants
  6 deep elf sorcerers (Elf:3)
  A draconian stormcaller (Zot:3)
  Louise (Depths:1)
  A draconian scorcher (Depths:4)
  16 vault wardens
  A curse skull (Crypt:2)
  A juggernaut zombie (WizLab)
  6 orc warlords
  4 iron dragons
  A reaper (D:8)
  5 draconian annihilators
  5 deep elf elementalists (Elf:3)
  A balrug (Zot:3)
  A spriggan defender (Depths:1)
  6 very ugly things
  2 angels
  A ghost moth (Zot:5)
  10 ghouls
  A cacodemon (Depths:2)
  A juggernaut skeleton (WizLab)
  10 ironbound preservers
  A demonspawn corrupter (D:8)
  12 stone giants
  2 formless jellyfish
  4 ironbound thunderhulks
  10 quicksilver oozes
  4 green draconians
  A war gargoyle (Vaults:1)
  Nessos (D:13)
  5 deep elf demonologists
  6 deep elf annihilators
  6 red draconians
  2 eleionomae (Shoals:1)
  13 vampire knights
  5 yellow draconians
  4 white draconians
  4 black draconians
  16 dire elephants
  4 purple draconians
  Azrael (D:13)
  A minotaur (Gauntlet)
  2 eidola
  10 merfolk javelineers
  8 ettins
  8 merfolk impalers
  8 deep elf death magi
  7 fire dragons
  5 entropy weavers
  A blizzard demon (Depths:4)
  A mummy priest (Crypt:3)
  18 jiangshi
  6 deep elf high priests
  Fannar (Lair:2)
  14 yaktaur captains
  7 great orbs of eyes
  Josephine (D:11)
  2 rakshasas
  8 hydras
  A fenstrider witch zombie (Crypt:1)
  3 salamander tyrants
  A juggernaut simulacrum (WizLab)
  11 vault guards
  An ice dragon (shapeshifter) (Depths:1)
  3 catoblepae (Lair:5)
  9 ironbound frosthearts
  4 ice dragons
  2 ogre magi
  A peacekeeper (Vaults:3)
  13 centaur warriors
  6 anacondas
  3 merfolk avatars
  3 spriggan air magi
  An alligator snapping turtle (Shoals:4)
  4 merfolk aquamancers (Shoals:4)
  6 two-headed ogres
  4 satyrs
  3 deep troll shamans
  3 boulder beetles
  7 naga warriors
  4 tengu warriors
  18 dancing weapons
  2 deep troll earth magi
  7 death yaks
  13 vampire magi
  An orc high priest (Orc:2)
  6 shock serpents
  6 hell knights
  17 deep elf knights
  Sonja (Orc:1)
  5 spriggan berserkers
  A storm dragon zombie (Crypt:3)
  13 naga sharpshooters
  9 skysharks
  A soul eater (Crypt:3)
  A sun demon (Depths:4)
  5 iron trolls
  2 shadow wraiths
  25 skeletal warriors
  3 glowing orange brains
  4 cherubim
  25 deep trolls
  7 sea snakes
  2 naga ritualists (Snake:1)
  5 arcanists
  A spatial maelstrom (Abyss:3)
  2 flayed ghosts
  2 bog bodies
  15 deep elf archers
  13 ironbound convokers
  27 deep elf zephyrmancers
  4 large abominations
  12 phantasmal warriors
  5 necromancers
  10 orc knights
  7 lindwurms
  A glowing shapeshifter (Vaults:5)
  11 harpies
  2 shining eyes (shapeshifter) (Vaults:5)
  An anaconda skeleton (Crypt:3)
  17 fauns
  29 deep elf pyromancers
  17 ugly things
  3 shining eyes
  5 mana vipers (Snake:1)
  5 orc sorcerers (Orc:2)
  A worldbinder (Gauntlet)
  9 salamanders
  17 moths of wrath
  Maurice (D:9)
  19 manticores
  A toenail golem (Volcano)
  9 elephants
  6 merfolk sirens
  10 cyclopes
  12 vault sentinels
  A guardian serpent (Snake:1)
  8 naga magi
  A smoke demon (Abyss:3)
  3 kobold blastminers
  5 water nymphs
  A torpor snail (Lair:5)
  31 black mambas
  7 cane toads
  2 molten gargoyles (Volcano)
  2 eyes of devastation (Slime:5)
  An orange demon (Depths:2)
  A yellow draconian zombie (Crypt:1)
  3 gargoyles
  7 komodo dragons
  Jeremiah (D:9)
  6 unseen horrors
  A black draconian zombie (Crypt:3)
  2 rime drakes
  39 yaktaurs
  2 kobold demonologists
  3 efreet (Volcano)
  Psyche (D:9)
  7 freezing wraiths
  A tengu conjurer (D:13)
  7 guardian mummies (Crypt:3)
  A grey draconian skeleton (Crypt:1)
  An ancient zyme (D:15)
  A red devil (Zot:3)
  A burning bush (Lair:2)
  11 trolls
  3 meliai (D:14)
  14 merfolk
  A queen bee (Gauntlet)
  3 hornets
  11 blink frogs
  7 wind drakes
  4 glass eyes (Depths:2)
  2 harpy skeletons
  A wolf spider simulacrum (D:15)
  A snapping turtle (shapeshifter) (Depths:1)
  13 dream sheep
  A dream sheep (shapeshifter) (Depths:3)
  4 snapping turtles
  A stone giant simulacrum (WizLab)
  4 raiju (Abyss:3)
  28 slime creatures
  6 spriggans (Lair:5)
  A black mamba zombie (Crypt:1)
  2 shadows
  4 spriggan skeletons
  10 vampires
  4 flying skulls (Crypt:2)
  6 water elementals
  4 basilisks
  3 wyverns
  4 wraiths
  Eustachio (D:4)
  42 yaks
  A golden eye (Depths:4)
  7 fire elementals
  2 redbacks (Vaults:2)
  Grum (D:9)
  2 steam dragons
  A tyrant leech zombie (Crypt:2)
  10 vampire mosquitoes
  Menkaure (D:7)
  2 small abominations (Abyss:3)
  4 wargs
  A chaos spawn (Gauntlet)
  33 nagas
  A glowing shapeshifter zombie (Crypt:3)
  A swamp worm (shapeshifter) (Elf:2)
  A water nymph zombie (Crypt:1)
  2 deep troll zombies (WizLab)
  2 spatial vortices (Abyss:3)
  2 acid dragons
  5 hell hounds
  19 water moccasins
  2 black bears
  21 orc warriors
  A hornet zombie (Crypt:1)
  7 ogres
  3 sky beasts
  2 ice beasts
  A blink frog zombie (Crypt:3)
  A blink frog skeleton (Crypt:2)
  2 boggarts
  21 wolves
  16 centaurs
  2 swamp dragon skeletons
  3 phantoms
  3 kobold brigands
  6 bullfrogs
  5 necrophages
  A deep troll simulacrum (WizLab)
  2 gnoll sergeants
  A rime drake skeleton (Crypt:2)
  5 scorpions
  6 earth elementals
  A cyclops zombie (WizLab)
  A warg zombie (Crypt:3)
  6 wights
  A troll zombie (Crypt:3)
  10 killer bees
  4 howler monkeys (D:12)
  10 electric eels
  2 lava snakes
  A human simulacrum (Vaults:1)
  4 hounds
  7 jellies
  3 gnoll boudas
  A human zombie (Crypt:3)
  9 orc priests
  A human skeleton (Crypt:2)
  Natasha (D:2)
  13 orc wizards
  4 iguanas
  An ogre zombie (Crypt:2)
  A mummy (Crypt:3)
  19 gnolls
  14 adders
  10 shadow imps
  2 white imps (D:8)
  12 ufetubi
  An adder zombie (Crypt:2)
  An adder skeleton (Crypt:2)
  3 worms
  3 dart slugs
  59 orcs
  7 ball pythons
  8 bats
  A bat skeleton (Crypt:1)
  8 endoplasms
  2 giant cockroaches
  6 goblins
  8 hobgoblins
  6 jackals
  3 quokkas
  A ball python skeleton (Crypt:3)
  3 frilled lizards
  33 kobolds
  3 kobold zombies (Sewer)
  A quokka skeleton (Crypt:2)
  6 rats
1875 creatures vanquished.

Vanquished Creatures (collateral kills)
  A pandemonium lord (Zot:5)
  4 orbs of fire
  A juggernaut (Depths:4)
  Sojobo (Vaults:2)
  3 Killer Klowns
  Margery (Vaults:3)
  A caustic shrike (Depths:4)
  Norris (Vaults:3)
  3 golden dragons
  An electric golem (Zot:5)
  8 tentacled monstrosities
  2 titans (Vaults:5)
  6 Orb Guardians (Zot:5)
  3 ancient champions (Crypt:3)
  4 sphinxes
  6 storm dragons
  6 acid blobs (Slime:5)
  4 death cobs
  3 shadow dragons
  2 tengu reavers (Vaults:2)
  A nagaraja (Snake:4)
  A fire giant (Vaults:5)
  A draconian knight (Zot:3)
  5 azure jellies
  5 draconian shifters
  A rockslime (Slime:5)
  3 frost giants
  5 vault wardens
  2 draconian scorchers
  A caustic shrike zombie (Zot:1)
  A cacodemon (Depths:2)
  An orc warlord (Vaults:4)
  A draconian annihilator (Zot:2)
  A draconian stormcaller (Zot:1)
  A vampire knight (Depths:2)
  A formless jellyfish (Slime:5)
  A demonspawn blood saint (Zot:3)
  6 quicksilver oozes
  An ironbound thunderhulk (Vaults:5)
  7 very ugly things
  6 ironbound preservers
  6 stone giants
  6 green draconians
  14 red draconians
  8 black draconians
  6 white draconians
  5 dire elephants
  3 purple draconians
  A spark wasp (Zot:1)
  4 yellow draconians
  3 deep elf death magi
  3 ettins
  3 fire dragons
  A jiangshi (Depths:4)
  An eidolon (Crypt:2)
  2 crystal guardians
  A yaktaur captain (Vaults:5)
  2 merfolk impalers (Shoals:4)
  3 great orbs of eyes
  26 vault guards
  5 ice dragons
  An ogre mage (Vaults:5)
  A rakshasa (D:15)
  2 peacekeepers
  2 anacondas
  3 ironbound frosthearts
  A sphinx zombie (D:15)
  3 spriggan air magi
  2 centaur warriors (Vaults:3)
  3 merfolk aquamancers (Shoals:4)
  2 two-headed ogres (Orc:2)
  3 deep troll earth magi (Depths:2)
  5 naga warriors
  3 deep troll shamans
  A satyr (Shoals:1)
  A shock serpent (shapeshifter) (Vaults:4)
  2 orc high priests (Vaults:4)
  3 spriggan berserkers
  4 hell knights
  5 naga sharpshooters
  4 salamander mystics
  An iron troll (Depths:1)
  A skyshark (Vaults:3)
  A storm dragon zombie (Crypt:2)
  A sixfirhy (Depths:2)
  A bunyip zombie (Crypt:3)
  20 skeletal warriors
  A cherub (Shoals:4)
  17 deep trolls
  A flayed ghost (Vaults:5)
  6 ironbound convokers
  A deep elf archer (Elf:3)
  2 deep elf pyromancers
  2 harpies (Shoals:2)
  2 lindwurms (Vaults:2)
  6 naga ritualists
  12 orc knights
  2 phantasmal warriors (Crypt:2)
  4 necromancers
  A harpy (shapeshifter) (Zot:1)
  2 deep elf zephyrmancers
  3 fauns
  A cyclops (Shoals:2)
  A dire elephant zombie (Crypt:3)
  10 salamanders
  14 ugly things
  2 large abominations (D:5)
  2 manticores (Shoals:4)
  6 moths of wrath
  13 black mambas
  A kobold blastminer (Orc:1)
  2 guardian serpents
  A centaur zombie (Crypt:3)
  A vault sentinel (Vaults:3)
  A merfolk siren (Shoals:4)
  6 naga magi
  An eye of devastation (Slime:5)
  2 orange demons (Depths:2)
  A freezing wraith (Vaults:5)
  23 yaktaurs
  A tormentor (D:5)
  An iron troll zombie (Crypt:2)
  A troll (D:13)
  A harpy zombie (Crypt:3)
  2 merfolk (Shoals:4)
  An ice dragon zombie (Crypt:3)
  A nameless horror (Depths:3)
  A glass eye (Depths:4)
  54 slime creatures
  A vampire (Crypt:3)
  A fire elemental (D:13)
  2 yaks (Lair:5)
  A spriggan skeleton (D:15)
  2 golden eyes (Slime:4)
  2 redbacks (Vaults:3)
  19 nagas
  A swamp worm (shapeshifter) (Vaults:5)
  19 orc warriors
  A wolf (Lair:5)
  2 ogres (Orc:2)
  A kobold brigand (D:12)
  A jelly (Gauntlet)
  8 orc priests
  4 orc wizards
  10 orcs
  A goblin skeleton (Crypt:1)
581 creatures vanquished.

Vanquished Creatures (others)
  A sphinx (Vaults:4)
  A draconian knight (Zot:2)
  A rockslime (Depths:4)
  An azure jelly (Depths:4)
  A draconian monk (Depths:4)
  A nagaraja (Snake:3)
  A fire giant (Vaults:2)
  A vault warden (Vaults:5)
  A draconian stormcaller (Zot:4)
  2 ironbound preservers
  A caustic shrike zombie (Zot:1)
  2 very ugly things
  5 red draconians
  2 yellow draconians
  A green draconian (Depths:4)
  3 black draconians
  2 white draconians
  A purple draconian (Zot:3)
  A merfolk javelineer (Shoals:4)
  2 fire dragons
  2 yaktaur captains (Vaults:4)
  An anaconda (Snake:4)
  2 vault guards (Vaults:5)
  An ironbound frostheart (Vaults:3)
  A merfolk aquamancer (Shoals:4)
  2 two-headed ogres (Orc:2)
  A naga warrior (Snake:2)
  A death yak (Lair:5)
  2 deep troll shamans
  A tengu warrior (Depths:1)
  A deep troll earth mage (Depths:1)
  A shock serpent (Snake:4)
  A hell knight (Depths:3)
  A death drake (Slime:5)
  A skeletal warrior (Depths:2)
  3 deep trolls
  A naga ritualist (Snake:2)
  A lindwurm (Vaults:2)
  A deep elf archer (Elf:3)
  An orc knight (Vaults:5)
  A harpy (Shoals:2)
  2 ironbound convokers
  A mana viper (Snake:3)
  A necromancer (Vaults:3)
  An ugly thing (Depths:1)
  A salamander (Snake:4)
  2 manticores (Shoals:4)
  2 fauns
  2 elephants (Abyss:3)
  A water nymph (Shoals:1)
  A naga mage (Snake:4)
  A vault sentinel (Vaults:4)
  6 yaktaurs
  A hellwing (Depths:1)
  8 slime creatures
  A wraith (Crypt:1)
  2 yaks
  A golden eye (Depths:4)
  A basilisk (Lair:2)
  A swamp worm (shapeshifter) (Vaults:5)
  2 nagas
  2 orc warriors
  An electric eel (D:6)
  An orc priest (Vaults:4)
  2 orcs
  A fire vortex (Depths:1)
103 creatures vanquished.

Grand Total: 2559 creatures vanquished

Notes
Turn   | Place    | Note
-------+----------+-------------------------------------------
     0 | D:1      | freelancePsychic the Demonspawn Venom Mage began the quest
                  | for the Orb.
     0 | D:1      | Reached XP level 1. HP: 13/13 MP: 3/3
   212 | D:1      | Gained mutation: You have sharp fingernails. [demonic
                  | ancestry]
   212 | D:1      | Reached XP level 2. HP: 20/20 MP: 0/5
   674 | D:1      | Learned a level 2 spell: Poisonous Vapours
   773 | D:1      | Reached skill level 1 in Fighting
   908 | D:2      | Reached skill level 1 in Air Magic
   964 | D:2      | Gained mutation: You may rarely emit foul miasma when
                  | damaged in melee. [demonic ancestry]
   964 | D:2      | Reached XP level 3. HP: 24/26 MP: 4/6
  1182 | D:2      | Noticed Natasha
  1697 | D:2      | Killed Natasha
  1698 | D:2      | Gained mutation: You are partially covered in sharp spines.
                  | [demonic ancestry]
  1698 | D:2      | Reached XP level 4. HP: 28/33 MP: 1/8
  1778 | D:2      | Identified the +1 ring mail "Xiges" {Rampage SInv}
  1823 | D:2      | Found Uvoisoumn's Jewellery Shop.
  2125 | D:3      | Found an ancient bone altar of Kikubaaqudgha.
  2482 | D:3      | Found a broken altar of Ashenzari.
  2732 | D:3      | Became a worshipper of Ashenzari the Shackled
  2733 | D:3      | Upgraded the game from 0.31-a0-1204-ge2c1a860ed to
                  | 0.31-a0-1206-g41278d8d1d
  2765 | D:3      | Learned a level 3 spell: Mephitic Cloud
  3182 | D:4      | Noticed Eustachio
  3182 | D:4      | Noticed a phantom
  3187 | D:4      | Gained mutation: You are mostly covered in sharp spines.
                  | [demonic ancestry]
  3187 | D:4      | Reached XP level 5. HP: 38/38 MP: 9/9
  3315 | D:4      | Reached XP level 6. HP: 27/46 MP: 1/11
  3322 | D:4      | Found a glowing drain.
  3325 | D:4      | Found a staircase to the Ecumenical Temple.
  3331 | Sewer    | Entered a sewer
  3642 | Sewer    | Reached skill level 1 in Conjurations
  3807 | Sewer    | Reached XP level 7. HP: 42/52 MP: 12/12
  3850 | Sewer    | Found an ancient bone altar of Kikubaaqudgha.
  4168 | D:4      | Reached skill level 5 in Poison Magic
  4277 | D:4      | Killed Eustachio
  4434 | D:4      | Found Oraruin's Antique Weapon Emporium.
  4499 | D:4      | Found Abuadut's Antique Weapon Shoppe.
  4596 | D:5      | Entered Level 5 of the Dungeon
  4614 | D:5      | Reached XP level 8. HP: 51/61 MP: 1/14
  4618 | D:5      | Reached skill level 5 in Fighting
  4799 | D:5      | Learned a level 4 spell: Olgreb's Toxic Radiance
  5217 | D:5      | Found a radiant altar of Vehumet.
  5286 | D:5      | Reached * piety under Ashenzari
  5286 | D:5      | Identified a scroll of acquirement
  5734 | D:4      | Bought an ancient dagger for 203 gold pieces
  5734 | D:4      | Identified the +3 dagger "Fopsev" {antimagic, rF+ rN+
                  | Dex-4} (You bought it in a shop on level 4 of the Dungeon)
  5988 | D:6      | Gained mutation: You are partially covered in rugged brown
                  | scales. (AC +1, +3% HP) [demonic ancestry]
  5988 | D:6      | Reached XP level 9. HP: 60/73 MP: 3/15
  6205 | D:6      | Found a shimmering blue altar of Sif Muna.
  6211 | D:6      | Acquired a book of Armaments
  6591 | D:6      | Reached ** piety under Ashenzari
  7944 | D:7      | Reached skill level 1 in Transmutations
  8080 | D:7      | Reached skill level 5 in Dodging
  8080 | D:7      | Reached skill level 1 in Hexes
  8326 | D:7      | Noticed Menkaure
  8335 | D:7      | Killed Menkaure
  8336 | D:7      | Reached XP level 10. HP: 68/83 MP: 13/16
  8446 | D:7      | Reached *** piety under Ashenzari
  9301 | D:9      | Noticed Maurice
  9323 | D:9      | Killed Maurice
  9500 | D:9      | Noticed Jeremiah
  9523 | D:9      | Killed Jeremiah
  9669 | D:9      | Noticed Psyche
  9676 | D:9      | Killed Psyche
  9677 | D:9      | Reached **** piety under Ashenzari
  9775 | D:9      | Learned a level 5 spell: Yara's Violent Unravelling
  9872 | D:9      | Found a staircase to the Orcish Mines.
  9890 | D:9      | Noticed a two-headed ogre
  9918 | D:9      | Killed a two-headed ogre
  9943 | D:9      | Noticed Grum
  9966 | D:9      | Killed Grum
 10112 | D:9      | Found a hazy altar of Hepliaklqana.
 10484 | D:10     | Entered Level 10 of the Dungeon
 10501 | D:10     | Gained mutation: You have very sharp fingernails. [demonic
                  | ancestry]
 10501 | D:10     | Reached XP level 11. HP: 91/91 MP: 12/17
 10650 | D:10     | Found a sparkling altar of Nemelex Xobeh.
 10793 | D:10     | Found a staircase to the Lair.
 11352 | D:11     | Reached skill level 1 in Evocations
 11557 | D:11     | Reached skill level 5 in Hexes
 11681 | D:11     | Noticed a two-headed ogre
 11691 | D:11     | Killed a two-headed ogre
 11692 | D:11     | Reached skill level 5 in Transmutations
 12040 | D:11     | Reached skill level 10 in Fighting
 12392 | D:11     | Noticed Josephine
 12424 | D:11     | Killed Josephine
 12576 | Lair:1   | Entered Level 1 of the Lair of Beasts
 13004 | Lair:1   | Reached skill level 1 in Short Blades
 13027 | Lair:1   | Reached XP level 12. HP: 100/100 MP: 18/18
 13222 | Lair:1   | Found a runed translucent gate.
 13223 | Lair:1   | Found a runed translucent gate.
 13226 | Lair:1   | Found a runed translucent gate.
 13226 | Lair:1   | Noticed Tauromancer's ghost (novice GnWn)
 13280 | Lair:1   | Reached ***** piety under Ashenzari
 13629 | Lair:2   | Found a dark tunnel.
 13657 | Volcano  | Entered a volcano
 13720 | Volcano  | Reached skill level 1 in Staves
 13991 | Volcano  | Reached skill level 5 in Evocations
 14093 | Volcano  | Reached skill level 5 in Spellcasting
 14777 | Lair:2   | Identified the +7 quarterstaff "Qedgh" {heavy, *Corrode
                  | rPois Int+2 Stlth+}
 14886 | Lair:2   | Noticed Fannar
 14905 | Lair:2   | Killed Fannar
 15201 | Lair:2   | Found a sparkling altar of Nemelex Xobeh.
 15639 | Lair:3   | Noticed a seven-headed hydra
 15667 | Lair:3   | Noticed a seven-headed hydra
 15672 | Lair:3   | Killed a seven-headed hydra
 16038 | Lair:3   | Killed a seven-headed hydra
 16269 | Lair:3   | Found a staircase to the Shoals.
 16672 | Lair:3   | Gained mutation: You have claws for hands. [demonic
                  | ancestry]
 16672 | Lair:3   | Reached XP level 13. HP: 95/109 MP: 14/22
 17560 | Lair:3   | Found a staircase to the Snake Pit.
 18227 | Lair:4   | Reached ****** piety under Ashenzari
 18655 | Lair:5   | Entered Level 5 of the Lair of Beasts
 18888 | Lair:5   | Reached skill level 5 in Conjurations
 18965 | Lair:5   | Reached skill level 5 in Staves
 18999 | Lair:5   | Reached skill level 1 in Armour
 20125 | Lair:5   | Reached XP level 14. HP: 91/119 MP: 1/23
 20498 | Lair:5   | Found a viscous altar of Jiyva.
 20500 | Lair:5   | Found a staircase to the Slime Pits.
 21115 | Orc:1    | Entered Level 1 of the Orcish Mines
 21368 | Orc:1    | Noticed Sonja
 21371 | Orc:1    | Killed Sonja
 21740 | Orc:2    | Entered Level 2 of the Orcish Mines
 21831 | Orc:2    | Noticed an orc warlord
 21880 | Orc:2    | Killed an orc warlord
 22121 | Orc:2    | Noticed an orc warlord
 22135 | Orc:2    | Killed an orc warlord
 22187 | Orc:2    | Reached skill level 5 in Armour
 22375 | Orc:2    | Found Saifesk's Antique Weapon Emporium.
 22482 | Orc:2    | Found Quuxtoq's Book Emporium.
 22489 | Orc:2    | Bought an Everburning Encyclopedia for 360 gold pieces
 22489 | Orc:2    | Bought a book of Annihilations for 600 gold pieces
 22644 | Orc:2    | Found Fublaet's Antique Armour Emporium.
 22711 | Orc:2    | Found a staircase to the Elven Halls.
 22964 | Orc:2    | Found Pukokkeo's General Store.
 22971 | Orc:2    | Bought a book of Spectacle for 528 gold pieces
 23019 | Orc:2    | Found Qyqegat's Magic Scroll Shop.
 23022 | Orc:2    | Bought a scroll of enchant armour for 105 gold pieces
 23022 | Orc:2    | Bought a scroll of blinking for 105 gold pieces
 23278 | D:12     | Learned a level 3 spell: Ignite Poison
 23593 | D:12     | Reached skill level 1 in Fire Magic
 24764 | D:13     | Noticed Azrael
 24768 | D:13     | Killed Azrael
 24806 | D:13     | Noticed Nessos
 24813 | D:13     | Killed Nessos
 25127 | D:13     | Reached XP level 15. HP: 72/128 MP: 17/24
 25797 | D:13     | Found a gate to the Vaults.
 26119 | D:14     | Found a gate leading to a gauntlet.
 26128 | Gauntlet | Entered a Gauntlet
 26128 | Gauntlet | Found a transporter.
 26128 | Gauntlet | Found a transporter.
 26128 | Gauntlet | Found a transporter.
 26131 | Gauntlet | Identified the ring "Couffytt" {Fly rElec Will+ Slay+3}
 26132 | Gauntlet | Found a transporter.
 26134 | Gauntlet | Found a transporter.
 26142 | Gauntlet | Found a transporter.
 26142 | Gauntlet | Identified the amulet "Huggofon" {Acrobat Rampage}
 26157 | Gauntlet | Found a transporter.
 26164 | Gauntlet | Found a transporter.
 26181 | Gauntlet | Found a transporter.
 26188 | Gauntlet | Identified the Compilation of Inhalation
 26189 | Gauntlet | Found a transporter.
 26209 | Gauntlet | Found a transporter.
 26260 | Gauntlet | Found a transporter.
 26260 | Gauntlet | Identified the ring of Riphof {rPois Will- Int-5 Dex+6
                  | Slay+5}
 26746 | Gauntlet | Identified the +0 scimitar of the Sugar Beet {protect, rF+
                  | rC+ Int+3}
 27245 | D:14     | Identified the +2 quarterstaff of Blood-Lust {venom, rElec
                  | rCorr Int+3 Stlth+}
 27765 | D:15     | Entered Level 15 of the Dungeon
 28021 | D:14     | Learned a level 8 spell: Discord
 28808 | D:15     | Found a staircase to the Depths.
 28875 | D:15     | Reached skill level 10 in Hexes
 28942 | D:15     | Reached skill level 15 in Fighting
 29881 | Shoals:1 | Entered Level 1 of the Shoals
 31107 | Shoals:1 | Gained mutation: You are mostly covered in rugged brown
                  | scales. (AC +2, +5% HP) [demonic ancestry]
 31107 | Shoals:1 | Reached XP level 16. HP: 118/142 MP: 10/25
 35588 | Shoals:3 | Found Ceisalur's Book Shop.
 35596 | Shoals:3 | Bought a book of Alchemy for 308 gold pieces
 35640 | Shoals:3 | Learned a level 5 spell: Irradiate
 35878 | Shoals:4 | Entered Level 4 of the Shoals
 36619 | Shoals:4 | Gained mutation: You punish those that try to bend your
                  | will. (Will+) [demonic ancestry]
 36619 | Shoals:4 | Reached XP level 17. HP: 112/153 MP: 23/29
 37099 | Shoals:4 | Noticed Bai Suzhen
 37344 | Shoals:4 | Identified the +2 rapier of Excruciating Pain {holy, rN+
                  | Will+++ Str-2 SInv}
 38460 | Shoals:4 | Killed Bai Suzhen
 38760 | Shoals:4 | Got a barnacled rune of Zot
 38849 | Snake:1  | Entered Level 1 of the Snake Pit
 39683 | Snake:1  | Found Penesh's Vocational Training.
 39683 | Snake:1  | Identified the +6 trident of Plog {antimagic, rElec rCorr
                  | Int+5 Dex-3}
 40569 | Snake:1  | Identified the serpent talisman "Gaty" {Fly Str+2}
 40569 | Snake:1  | Noticed Aizul
 40587 | Snake:1  | Killed Aizul
 41820 | Snake:1  | Reached skill level 10 in Dodging
 42364 | Snake:2  | Reached skill level 10 in Spellcasting
 42623 | Snake:2  | Found Onita's Distillery.
 42625 | Snake:2  | Found Evuil's Distillery.
 42628 | Snake:2  | Found Qomiggid's Antique Armour Shop.
 42640 | Snake:2  | Bought a potion of haste for 130 gold pieces
 42640 | Snake:2  | Bought a potion of heal wounds for 65 gold pieces
 42640 | Snake:2  | Bought a potion of heal wounds for 65 gold pieces
 42696 | Snake:2  | Bought a polished leather armour for 266 gold pieces
 42696 | Snake:2  | Identified the +1 leather armour of Pathos {rF+ Str+2} (You
                  | bought it in a shop on level 2 of the Snake Pit)
 43952 | Snake:2  | Identified the +0 leather armour of Plasticity {Int+6 Dex+5
                  | Slay-6}
 44053 | Snake:2  | Noticed Saint Roka
 44063 | Snake:2  | Killed Saint Roka
 44254 | Snake:3  | Gained mutation: You sometimes emit foul miasma when
                  | damaged in melee. [demonic ancestry]
 44254 | Snake:3  | Reached XP level 18. HP: 136/170 MP: 19/34
 45264 | Snake:4  | Entered Level 4 of the Snake Pit
 45269 | Snake:4  | Reached skill level 15 in Hexes
 45423 | Snake:4  | Found Emmiell's Magic Scroll Emporium.
 45963 | Snake:4  | Found a shimmering blue altar of Sif Muna.
 48383 | Snake:4  | Got a serpentine rune of Zot
 48782 | Elf:1    | Entered Level 1 of the Elven Halls
 49961 | Elf:1    | Upgraded the game from 0.31-a0-1206-g41278d8d1d to
                  | 0.31-a0-1227-g0136665373
 51084 | Elf:2    | Gained mutation: You are resistant to unholy torment.
                  | [demonic ancestry]
 51084 | Elf:2    | Reached XP level 19. HP: 177/177 MP: 26/37
 51329 | Elf:2    | Found a runed translucent door.
 51558 | Elf:2    | Found a runed translucent door.
 51645 | Elf:3    | Entered Level 3 of the Elven Halls
 51695 | Elf:3    | Found Cobath's Weapon Emporium.
 52187 | Elf:3    | Identified the Notes on the Blink Frog and Reconstruction
 52725 | Elf:3    | Identified the ring "Gohoe" {rF+ SInv}
 52732 | Elf:3    | Reached skill level 10 in Conjurations
 53635 | Elf:3    | Found a large runed translucent door.
 53635 | Elf:3    | Found a large runed translucent door.
 53639 | Elf:3    | Noticed pigah's ghost (adept OpSh)
 54767 | Elf:3    | Identified the staff "Impslayer" {rN+ Dex+3 Necro}
 54772 | Elf:3    | Identified the Quarto of Circular Logic
 54832 | Elf:3    | Identified the Grimoire of the Dark Anticline
 54837 | Elf:3    | Identified the +5 chain mail of Grot {+Inv rF- rCorr Dex+3}
 55015 | Elf:3    | Learned a level 6 spell: Starburst
 55208 | Vaults:1 | Entered Level 1 of the Vaults
 55208 | Vaults:1 | Identified the +10 plate armour of Xuneel {rElec Will+
                  | Regen+ Int-5}
 55977 | Vaults:1 | Reached skill level 1 in Shields
 56099 | Vaults:1 | Paralysed by a formless jellyfish for 1 turns
 57166 | Vaults:1 | Gained mutation: You are completely covered in sharp
                  | spines. [demonic ancestry]
 57166 | Vaults:1 | Reached XP level 20. HP: 102/184 MP: 9/37
 57746 | Vaults:1 | Reached skill level 5 in Shields
 58273 | Vaults:2 | Found Yzyckuha's Antique Armour Shoppe.
 58327 | Vaults:2 | Bought a heavily runed robe for 205 gold pieces
 58327 | Vaults:2 | Identified the +2 robe "Ufephauma" {Str+2 Dex+2} (You
                  | bought it in a shop on level 2 of the Vaults)
 58663 | Vaults:2 | Found a staircase to the Crypt.
 58663 | Vaults:2 | Found a basalt altar of Yredelemnul.
 58663 | Vaults:2 | Found an ancient bone altar of Kikubaaqudgha.
 58975 | Vaults:2 | Noticed Sojobo
 58987 | Vaults:2 | Killed Sojobo
 59302 | Vaults:2 | Paralysed by a formless jellyfish for 1 turns
 60682 | Vaults:3 | Noticed Margery
 60687 | Vaults:3 | Killed Margery
 61165 | Vaults:3 | Reached skill level 10 in Shields
 61751 | Vaults:3 | Noticed Norris
 61759 | Vaults:3 | Killed Norris
 62058 | Vaults:3 | Noticed Nikola
 62077 | Vaults:3 | Killed Nikola
 62078 | Vaults:3 | Reached XP level 21. HP: 89/195 MP: 30/40
 63174 | Vaults:3 | Found Cod Puudang's Book Boutique.
 63182 | Vaults:3 | Bought the Information on Combat Magic for 840 gold pieces
 63190 | Vaults:3 | Learned a level 7 spell: Orb of Destruction
 63328 | Vaults:4 | Found a magical portal.
 63341 | WizLab   | Entered Zonguldrok's Shrine
 64065 | WizLab   | Noticed an antique champion
 64065 | WizLab   | Noticed an antique champion
 64243 | WizLab   | Killed an antique champion
 64409 | WizLab   | Identified the +0 plate armour of the Flying Gods {rElec
                  | rPois SInv}
 64421 | WizLab   | Identified the Encyclopedia of the Mausoleum
 64578 | WizLab   | Killed an antique champion
 64760 | WizLab   | Identified the Guidebook on Rot
 64822 | Vaults:4 | Found a portal to a secret trove of treasure.
 64845 | Vaults:4 | Found Umpofen's Weapon Shoppe.
 68309 | Vaults:5 | Entered Level 5 of the Vaults
 68314 | Vaults:5 | Reached skill level 15 in Dodging
 68317 | Vaults:5 | Reached XP level 22. HP: 129/201 MP: 18/42
 68341 | Vaults:5 | Noticed a golden dragon
 68356 | Vaults:5 | Killed a golden dragon
 68905 | Vaults:5 | Gained mutation: Your body sometimes deteriorates upon
                  | taking damage. [a shining eye]
 69005 | Vaults:5 | Identified the +8 short sword "Beastbane" {heavy, rC+
                  | Stlth+}
 70303 | Vaults:5 | Identified the ring of Dunaevae {Fire rPois}
 70422 | Vaults:5 | Noticed a golden dragon
 70435 | Vaults:5 | Killed a golden dragon
 70908 | Vaults:5 | Identified the +3 short sword of Causality {heavy, ^Drain
                  | rElec Int+2}
 71579 | Vaults:5 | Reached skill level 15 in Conjurations
 72293 | Vaults:5 | Got a silver rune of Zot
 72404 | Vaults:5 | Lost mutation: Your body sometimes deteriorates upon taking
                  | damage. [potion of mutation]
 72404 | Vaults:5 | Gained mutation: You are weak. (Str -2) [potion of
                  | mutation]
 72405 | Vaults:5 | Lost mutation: You are weak. (Str -2) [potion of mutation]
 72405 | Vaults:5 | Gained mutation: Your body sometimes deteriorates upon
                  | taking damage. [potion of mutation]
 72406 | Vaults:5 | Lost mutation: Your body sometimes deteriorates upon taking
                  | damage. [potion of mutation]
 72406 | Vaults:5 | Gained mutation: You are robust. (+10% HP) [potion of
                  | mutation]
 72406 | Vaults:5 | Gained mutation: Your flesh is heat resistant. (rF+)
                  | [potion of mutation]
 72654 | Depths:1 | Entered Level 1 of the Depths
 72654 | Depths:1 | Found a bloodstained altar of Trog.
 72670 | Depths:1 | Reached skill level 1 in Summonings
 72676 | Depths:1 | Reached skill level 1 in Earth Magic
 72734 | Depths:1 | Noticed Louise
 72793 | Abyss:3  | Cast into level 3 of the Abyss (Louise)
 72795 | Abyss:3  | Found a corrupted altar of Lugonu.
 72809 | Abyss:3  | Found a corrupted altar of Lugonu.
 72835 | Abyss:3  | Got an abyssal rune of Zot
 73039 | Depths:1 | Escaped the Abyss
 73449 | Crypt:1  | Entered Level 1 of the Crypt
 74096 | Crypt:1  | Gained mutation: You can hurl damnation. [demonic ancestry]
 74096 | Crypt:1  | Reached XP level 23. HP: 230/230 MP: 36/44
 75728 | Crypt:1  | Reached skill level 5 in Summonings
 75893 | Crypt:1  | Acquired 651 gold pieces
 76736 | Crypt:2  | Reached skill level 5 in Earth Magic
 76894 | Crypt:2  | Noticed Zenata
 76908 | Crypt:2  | Reached skill level 10 in Staves
 77264 | Crypt:2  | Killed Zenata
 78763 | Crypt:3  | Entered Level 3 of the Crypt
 79412 | Crypt:3  | Found an ancient bone altar of Kikubaaqudgha.
 80099 | Crypt:3  | Learned a level 8 spell: Lehudib's Crystal Spear
 80161 | Crypt:3  | Found a staircase to the Tomb.
 80598 | Crypt:3  | Identified the +1 arbalest of the Grave {speed, Will+
                  | rCorr}
 80598 | Crypt:3  | Identified the +4 war axe "Sehytig" {flame, rF+ Will+
                  | Str-4}
 80627 | Crypt:3  | Noticed a curse toe
 80631 | Crypt:3  | Killed a curse toe
 80669 | Crypt:3  | Noticed a royal mummy
 80675 | Crypt:3  | Killed a royal mummy
 80726 | Crypt:3  | Found a basalt altar of Yredelemnul.
 80733 | Crypt:3  | Found an ancient bone altar of Kikubaaqudgha.
 80790 | Crypt:3  | Identified the Grimoire of Iniquitous Rituals
 80791 | Crypt:3  | Identified Foof's Atlas of the Geodesic
 81259 | Vaults:3 | Bought a book of Power for 840 gold pieces
 81267 | Vaults:3 | Learned a level 7 spell: Spellforged Servitor
 81581 | Depths:1 | Killed Louise
 82143 | Depths:1 | Found Miryl's Jewellery Emporium.
 82145 | Depths:1 | Found Nofigutz's Book Shop.
 82146 | Depths:1 | Found Yciewirch's Jewellery Emporium.
 82169 | Depths:1 | Found a gateway to Hell.
 82484 | Depths:1 | Noticed Mara
 82500 | Depths:1 | Killed Mara
 82574 | Depths:1 | Found a one-way gate to the infinite horrors of the Abyss.
 83238 | Depths:2 | Identified the ring "Voenitt" {Ice rElec Will- Int+5
                  | Stlth+}
 83381 | Depths:2 | Gained mutation: You frequently emit foul miasma when
                  | damaged in melee. [demonic ancestry]
 83381 | Depths:2 | Reached XP level 24. HP: 229/230 MP: 7/44
 83693 | Depths:2 | Reached skill level 10 in Summonings
 83895 | Depths:2 | Identified the ring of the Centaur {rC+ Dex+3 SInv Stlth-}
 84347 | Depths:2 | Found a one-way gate leading to the halls of Pandemonium.
 84386 | Depths:2 | Found a transporter.
 84525 | Depths:2 | Found a broken altar of Ashenzari.
 85095 | Depths:2 | Identified the ring of Dusav {Str+3 Slay+2 SInv Stlth+}
 85461 | Depths:2 | Found a transporter.
 85851 | Depths:3 | Found a basalt altar of Yredelemnul.
 87337 | Depths:4 | Entered Level 4 of the Depths
 87542 | Depths:4 | Found a viscous altar of Jiyva.
 87968 | Depths:4 | Found an iron altar of Okawaru.
 87983 | Depths:4 | Noticed a juggernaut
 87993 | Depths:4 | Killed a juggernaut
 88091 | Depths:4 | Found Big Baal Hell's Store.
 88153 | Depths:4 | Bought the +2 pair of boots of Wemef {rF+, Int+2} for 2026
                  | gold pieces
 88318 | Depths:4 | Reached XP level 25. HP: 225/246 MP: 30/44
 88544 | Depths:4 | Found a one-way gateway to a ziggurat.
 89653 | Depths:4 | Found a gate to the Realm of Zot.
 90245 | Vaults:4 | You paid a toll of a +7 demon blade to enter a treasure
                  | trove
 90246 | Trove    | Entered a treasure trove
 90248 | Trove    | Identified the +8 tower shield of Creativity {*Corrode
                  | ^Drain Regen+ Str+5}
 90248 | Trove    | Identified the +1 pair of boots of Refuge {Fly Int+4}
 90248 | Trove    | Identified the +0 cloak of Makhleb's Displeasure {rPois
                  | rCorr Slay+4}
 90248 | Trove    | Identified the +4 scale mail of Evolution {Str+3}
 90249 | Trove    | Identified the +1 helmet of Volo {Regen+ Int+4 Dex+2}
 90677 | Slime:1  | Entered Level 1 of the Pits of Slime
 90845 | Slime:2  | Reached skill level 5 in Fire Magic
 91013 | Slime:5  | Entered Level 5 of the Pits of Slime
 91197 | Slime:5  | Noticed the Royal Jelly
 91217 | Slime:5  | Killed the Royal Jelly
 91460 | Slime:5  | Upgraded the game from 0.31-a0-1227-g0136665373 to
                  | 0.31-a0-1237-gabc64e778c
 91598 | Slime:5  | Identified the staff "Caissak" {rElec rF+ Int-2 Stlth+ Air}
 91636 | Slime:5  | Identified the +3 cloak "Epleiwose" {Str+4 Int-5}
 91677 | Slime:5  | Got a slimy rune of Zot
 91689 | Slime:5  | Identified the staff "Uhocvopn" {rF+ rN+ Dex+5 Fire}
 91691 | Slime:5  | Identified the +1 robe of Nihilism {+Inv}
 91691 | Slime:5  | Identified the +8 arbalest "Weesosov" {freeze, rC+ Int+2}
 91727 | Slime:5  | Identified the Precepts of Confrontation
 92313 | Zot:1    | Entered Level 1 of the Realm of Zot
 92481 | Zot:1    | Acquired a book of Flames
 92628 | Zot:1    | Reached skill level 10 in Fire Magic
 93783 | Zot:2    | Reached XP level 26. HP: 192/263 MP: 33/45
 94609 | Zot:3    | Found a shimmering blue altar of Sif Muna.
 95381 | Zot:3    | Found a transporter.
 95523 | Zot:3    | Reached skill level 15 in Fire Magic
 95550 | Zot:3    | Found a transporter.
 95749 | Zot:3    | Found a shimmering blue altar of Sif Muna.
 95832 | Zot:3    | Noticed an orb of fire
 95834 | Zot:3    | Gained mutation: Potions are less effective at restoring
                  | your health. [an orb of fire]
 95842 | Zot:3    | Killed an orb of fire
 96667 | Zot:5    | Entered Level 5 of the Realm of Zot
 97175 | Zot:5    | Noticed an ancient lich
 97184 | Zot:5    | Killed an ancient lich
 97306 | Zot:5    | Noticed an orb of fire
 97310 | Zot:5    | Gained mutation: You occasionally lose the ability to read
                  | scrolls when taking damage. [an orb of fire]
 97313 | Zot:5    | Killed an orb of fire
 97333 | Zot:5    | Noticed an orb of fire
 97343 | Zot:5    | Noticed an orb of fire
 97363 | Zot:5    | Killed an orb of fire
 97459 | Zot:5    | Killed an orb of fire
 97482 | Zot:5    | Noticed an orb of fire
 97490 | Zot:5    | Gained mutation: You are strong-willed. (Will+) [an orb of
                  | fire]
 97490 | Zot:5    | Killed an orb of fire
 97525 | Zot:5    | Identified the +0 ring mail of the Merchant {rF- Int+4
                  | Dex+4}
 97678 | Zot:5    | Gained mutation: You are completely covered in rugged brown
                  | scales. (AC +3, +7% HP) [demonic ancestry]
 97678 | Zot:5    | Reached XP level 27. HP: 90/276 MP: 32/45
 97696 | Zot:5    | Noticed an orb of fire
 97825 | Zot:5    | Noticed an orb of fire
 97825 | Zot:5    | Killed an orb of fire
 97826 | Zot:5    | Noticed an orb of fire
 97830 | Zot:5    | Killed an orb of fire
 97830 | Zot:5    | Gained mutation: You sometimes lose your temper in combat.
                  | [an orb of fire]
 97836 | Zot:5    | Gained mutation: You occasionally lose the ability to drink
                  | potions when taking damage. [an orb of fire]
 97837 | Zot:5    | Gained mutation: You are clumsy. (Dex -2) [an orb of fire]
 97840 | Zot:5    | Killed an orb of fire
 98253 | Zot:5    | Noticed an ancient lich
 98261 | Zot:5    | Killed an ancient lich
 98266 | Zot:5    | Noticed a dread lich
 98276 | Zot:5    | Killed a dread lich
 98468 | Zot:5    | Got the Orb of Zot
 98493 | Zot:5    | Noticed Jeirruh the pandemonium lord
 98511 | Zot:5    | Killed Jeirruh the pandemonium lord
 98648 | Depths:4 | Noticed Obreos the pandemonium lord
 98666 | Depths:4 | Killed Obreos the pandemonium lord
 98774 | Depths:2 | Noticed Anaoc the pandemonium lord
 98790 | Depths:2 | Killed Anaoc the pandemonium lord
 98799 | Depths:1 | Noticed Muegiump the pandemonium lord
 98835 | Depths:1 | Noticed an ancient lich
 98854 | D:15     | Noticed Won Oriexero the pandemonium lord
 99026 | D:8      | Noticed Donug the pandemonium lord
 99189 | D:$      | Escaped with the Orb!

Illustrated notes

Levels and vault maps discovered:
D:1:      amcnicky_arrival_gap_in_the_tavern_cellar, layout_basic
D:2:      layout_rooms, serial_shops, shop, minmay_misc_feat_rugged,
          uniq_natasha
D:3:      layout_basic, mainiacjoe_overflow_paths, kiku_gazebo_pond_becter
D:4:      layout_rooms, minmay_temple_entry_statues, serial_shops,
          nicolae_shop_real_fake_doors, cheibrodos_sewer_entry_drain,
          nicolae_take_the_stairs, minmay_surrounded, uniq_eustachio
D:5:      layout_cave_pods, lemuel_doored_altar
D:6:      cheibrodos_two_vegetables, layout_rooms, mainiacjoe_overflow_alcove_2,
          kennysheep_generic_room_15
D:7:      layout_basic, st_stairs_14, uniq_menkaure
D:8:      layout_rooms, nicolae_overflow_hidden_temple, serial_demonic,
          serial_demonic_g, serial_demonic_f, serial_demonic_f, serial_demonic_d
D:9:      layout_cross, mainiacjoe_overflow_six_doors_small, david_orc_3,
          kennysheep_doodads, uniq_grum, uniq_jeremiah, uniq_psyche,
          uniq_maurice
D:10:     layout_roguey, nemelex_spade_bored_becter, lair_entry_dummy,
          dk_noncrumbling_3
D:11:     layout_irregular_city, uniq_josephine
D:12:     kennysheep_blocky_room, layout_irregular_city
D:13:     layout_loops_ring, david_vaults_5, uniq_azrael, uniq_nessos
D:14:     layout_cave_pods, serial_column_ruins, column_ruins_hut,
          column_ruins_square_small, column_ruins_grid_1,
          column_ruins_open_small, column_ruins_grid_1,
          column_ruins_columns_straight, column_ruins_grid_4,
          minmay_tree_intersection, gauntlet_entry_generic
D:15:     gammafunk_depths_entry_grave, layout_loops_ring, due_unseen_surprise
Lair:1:   layout_roguey, gammafunk_ghost_necromancy
Lair:2:   layout_small_grid, basic_altar, enter_volcano_3, evilmike_ambush
          [evilmike_ambush_outer_basic, evilmike_ambush_inner_basic],
          uniq_fannar
Lair:3:   layout_gridlike, minmay_shoals_entry_centaurs,
          nicolae_snake_entry_squirm, serial_bayou_shore_a, lemuel_fruit_fields,
          infiniplex_staircase_pool
Lair:4:   layout_regular_city, grunt_megastairs_5
Lair:5:   evilmike_catoblepas_cave, layout_cellular_growth, slime_entry_2,
          wad_woods_01
Shoals:1: nicolae_shoals_deep_elves_summer_vacation, layout_shoals,
          nicolae_shoals_enchanted_isle
Shoals:2: layout_shoals
Shoals:3: layout_shoals, serial_shops, shop, nicolae_shoals_pincushion_passage
Shoals:4: shoals_end_hellmonk_holy_island, uniq_bai_suzhen
Snake:1:  layout_chambers, drop_trap, nicolae_shop_vocational,
          grunt_megastairs_1, uniq_aizul
Snake:2:  layout_gridlike, minmay_shop_star, grunt_megastairs_2, uniq_saint_roka
Snake:3:  layout_honeycomb
Snake:4:  minmay_snake_end_coiled, layout_cave_town, serial_shops, shop,
          serial_library, serial_library_hellmonk_hallway_b,
          serial_library_hellmonk_big_corner,
          serial_library_regret_index_double_sided,
          serial_library_hellmonk_statue_hall,
          serial_library_regret_index_turning,
          serial_library_hellmonk_reading_circle, lemuel_fruit_tree
Slime:1:  layout_caves
Slime:2:  layout_caves
Slime:3:  layout_caves
Slime:4:  layout_caves
Slime:5:  slime_pit_nicolae_block_by_block
Orc:1:    layout_caves, uniq_sonja
Orc:2:    grunt_orc_cross, layout_diamond_mine, serial_shops,
          nicolae_shop_rolled_up
Elf:1:    minmay_elf_arrival_circle, layout_gridlike,
          kennysheep_underground_church, lemuel_upstairs_altar
Elf:2:    elven_hall_of_blades_hangedman_original
          [nicolae_blade_entry_splitting_headache], layout_loops_corners,
          serial_library_hellmonk_recessed_alcove, uniq_jorgrun, uniq_donald
Elf:3:    minmay_elf_hall_dome, layout_gridlike, serial_shops,
          nicolae_shop_bloodbath_and_beyond, ebering_ghost_disaster_area,
          serial_library_regret_index_headful
Vaults:1: hangedman_vaults_trim, nicolae_vaults_cochlea, v_misc_1,
          nicolae_vaults_trapezoid_lopsided_2, v_misc_3, v_misc_18,
          nicolae_vaults_three_branches, nicolae_vaults_shipping_containers_5,
          serial_ice_g, ontoclasm_vaults_hangar,
          nicolae_vaults_oval_intersection, v_misc_32,
          ontoclasm_vaults_decontamination, layout_vaults_ring
Vaults:2: minmay_crypt_entry_necro_gods, v_misc_12,
          nicolae_vaults_tetromino_Z_1, ontoclasm_vaults_eye,
          hangedman_vaults_stream, vaults_mumra_minichess,
          nicolae_vaults_murderbox, hangedman_vaults_locks,
          nicolae_vaults_little_squares_6, hangedman_vaults_corner_blocks,
          nicolae_vaults_closet_pinwheel_4, nicolae_vaults_tangram_2,
          nicolae_vaults_cochlea, layout_vaults_maze_bifur, serial_shops,
          shop_coins, uniq_sojobo
Vaults:3: nicolae_vaults_frosty_reception, nicolae_vaults_trapezoid_lopsided_4,
          nicolae_vaults_big_angled_halls, hangedman_vaults_cutoff,
          vaults_mumra_minichess_inversion, grunt_vaults_swirl, v_rooms_2,
          nicolae_vaults_disjoint_gnomons, nicolae_vaults_trapezoid_2,
          vaults_room_pool, layout_vaults_omnibox, serial_shops,
          nicolae_book_shop_shelving, uniq_nikola, uniq_margery, uniq_norris
Vaults:4: infiniplex_enter_wizlab_glasses, nicolae_vaults_swerve, v_misc_16,
          nicolae_vaults_taking_the_gang_shopping,
          nicolae_vaults_sesquioval_fish, nicolae_vaults_closet_pinwheel_1,
          special_room_vaults [special_room_orc], nicolae_vaults_house_2,
          vaults_room_grunt_arrival_ludios, grunt_vaults_hallway_long,
          nicolae_vaults_more_shelving_1, v_misc_19, v_pattern_5,
          nicolae_vaults_trapezoid_1, ontoclasm_vaults_pinch,
          nicolae_vaults_house_1, layout_vaults_omnicross, enter_trove_0
Vaults:5
Crypt:1:  layout_misc_corridors
Crypt:2:  layout_catacombs, uniq_zenata
Crypt:3:  lightli_unholy_cathedral, layout_chaotic_city,
          tomb_entry_pyramid_bobbens, corexii_leaking_fountain,
          lemuel_statue_altar
Depths:1: layout_cave_shapes, nicolae_abyss_entry_one_way_or_another,
          hell_entry, reono_crystal_passage,
          serial_library_hellmonk_recessed_alcove, trog_three_pillars_becter,
          firewood_loft, kennysheep_random_hallway, minmay_shop_grove, uniq_mara
Depths:2: hangedman_spin_cycle, pan_entry, hell_entry
Depths:3: dreamdust_under_siege, layout_cave_pools, hangedman_coc_ice_floe,
          elyvilon_altar_3, abyss_entry, uniq_grunn
Depths:4: lemuel_castle_with_subvaults [lemuel_castle_interior_carwin_3],
          layout_gridlike, enter_ziggurat_e, nicolae_hell_entry_big_baal_hell,
          abyss_entry, special_room [special_room_jelly], okawaru_gym_becter
Zot:1:    hangedman_orp_of_zott, layout_gridlike
Zot:2:    layout_cathedral_of_symmetry
Zot:3:    grunt_zot_stairs_faceoff, layout_gridlike,
          regret_index_zotdec_magical_s, st_stairs_9, nicolae_diode_stairs
Zot:4:    layout_onion, regret_index_zotdec_decaying_basic
Zot:5:    layout_gridlike, st_stairs_13

Skill      XL: |  1  2  3  4  5  6  7  8  9 10 11 12 13 14 15 16 17 18 19 20 21 22 23 24 25 26 27 |
---------------+----------------------------------------------------------------------------------+-----
Fighting       | 1 2 3 4 6 8 9 10 11 12 13 15 16 17 18 19 | 19.1
Air Magic      | 1 2 3 |  3.0
Spellcasting   | 3 4 6 8 10 11 13 | 13.9
Poison Magic   | 4 5 7 8 |  8.8
Conjurations   | 1 3 5 7 8 11 13 15 17 | 17.4
Dodging        | 2 5 6 7 8 9 10 12 14 15 16 17 18 | 18.4
Transmutations | 1 4 5 6 |  6.9
Hexes          | 1 4 6 7 11 13 14 15 17 | 17.0
Evocations     | 4 6 7 |  7.4
Short Blades   | 1 |  1.6
Staves         | 3 6 8 9 12 | 12.0
Armour         | 3 5 7 8 |  8.3
Fire Magic     | 2 3 4 12 18 19 | 19.2
Shields        | 4 11 12 13 | 13.5
Summonings     | 4 9 11 | 11.4
Earth Magic    | 3 6 8 |  8.3
Stealth        | |  1.7

Action                     |  1- 3 |  4- 6 |  7- 9 | 10-12 | 13-15 | 16-18 | 19-21 | 22-24 | 25-27 || total
---------------------------+-------+-------+-------+-------+-------+-------+-------+-------+-------++-------
  Melee: Unarmed           |    35 |       |       |       |       |       |       |       |       ||    35
         Dagger            |    22 |   114 |   163 |   328 |       |       |       |       |       ||   627
         Staff             |       |       |       |    87 |   568 |   643 |   561 |   785 |   559 ||  3203
   Cast: Sting             |    50 |    15 |     9 |     3 |       |       |       |       |       ||    77
         Poisonous Vapours |     9 |    23 |    20 |       |     1 |       |       |       |       ||    53
         Mephitic Cloud    |       |       |     7 |    23 |    25 |     4 |     3 |       |       ||    62
         Olgreb's Toxic Ra |       |       |    30 |    78 |   177 |   145 |   132 |     1 |       ||   563
         Yara's Violent Un |       |       |       |       |    15 |    33 |    24 |    33 |    11 ||   116
         Ignite Poison     |       |       |       |       |    61 |    97 |    92 |     1 |       ||   251
         Irradiate         |       |       |       |       |       |    54 |    59 |    82 |    52 ||   247
         Discord           |       |       |       |       |       |    49 |    46 |    64 |    34 ||   193
         Starburst         |       |       |       |       |       |       |     9 |    39 |     1 ||    49
         Orb of Destructio |       |       |       |       |       |       |    62 |   214 |   143 ||   419
         Spellforged Servi |       |       |       |       |       |       |       |    15 |    67 ||    82
 Invoke: Curse Item        |       |       |     4 |     4 |     3 |     1 |     1 |     3 |     2 ||    18
         Shatter the Chain |       |       |       |     1 |     1 |     1 |     2 |     3 |     1 ||     9
Ability: Hurl Damnation    |       |       |       |       |       |       |       |    89 |    21 ||   110
  Evoke: Wand              |       |       |     7 |    25 |    12 |     6 |       |     1 |     5 ||    56
         Tin of tremorston |       |       |       |     2 |     5 |     2 |     2 |     1 |     4 ||    16
         Phial of floods   |       |       |       |       |       |     1 |     1 |     2 |       ||     4
         Sack of spiders   |       |       |       |       |       |       |     2 |     3 |     1 ||     6
         Phantom mirror    |       |       |       |       |       |       |     2 |     1 |       ||     3
    Use: Scroll            |     3 |     3 |     2 |     1 |     2 |     8 |    12 |    17 |    19 ||    67
         Potion            |       |       |     1 |     4 |     2 |     7 |     4 |    21 |    16 ||    55
   Stab: Sleeping          |       |     1 |       |       |     3 |     4 |       |     1 |     3 ||    12
         Confused          |       |       |     4 |    13 |     9 |     1 |       |       |       ||    27
         Invisible         |       |       |       |     2 |     4 |       |       |       |       ||     6
         Distracted        |       |       |       |       |     1 |     1 |     4 |     5 |     1 ||    12
 Armour: Robe              |    33 |       |       |       |       |       |       |       |       ||    33
         Leather armour    |    28 |    57 |    98 |   245 |   411 |   665 |   412 |   368 |       ||  2284
         Troll leather arm |       |       |       |       |       |       |       |   111 |   498 ||   609
  Dodge: Dodged            |    67 |    47 |    98 |   364 |   546 |   550 |   320 |   430 |   448 ||  2870
  Block: Kite shield       |       |       |       |       |       |       |   569 |   848 |   552 ||  1969
         Reflection        |       |       |       |       |       |       |    54 |    42 |       ||    96

Table legend: (Time is in decaauts)
 A = Elapsed time spent in this place.
 B = Non-inter-level travel time spent in this place.
 C = Inter-level travel time spent in this place.
 D = Time resting spent in this place.
 E = Time spent auto-exploring this place.
 F = Levels seen in this place.
 G = Mean time per level.
                   A        B        C        D        E       F      G
               +--------+--------+--------+--------+--------+-----+--------+
         Total |  99044 |  91440 |   7604 |   7689 |  67878 |  61 | 1623.7 |
       Dungeon |  19926 |  17064 |   2862 |   1266 |  13084 |  15 | 1328.4 |
          Lair |   8103 |   7201 |    902 |    511 |   5600 |   5 | 1620.6 |
        Shoals |   9158 |   8985 |    173 |   1931 |   5879 |   4 | 2289.5 |
     Snake Pit |   9877 |   9346 |    531 |    525 |   7415 |   4 | 2469.2 |
    Slime Pits |   1240 |   1162 |     78 |     46 |    575 |   5 |  248.0 |
  Orcish Mines |   2099 |   2004 |     95 |      0 |   1682 |   2 | 1049.5 |
   Elven Halls |   6239 |   6081 |    158 |    142 |   4951 |   3 | 2079.7 |
        Vaults |  15959 |  14306 |   1653 |   1255 |  10785 |   5 | 3191.8 |
         Crypt |   7434 |   7096 |    338 |    751 |   5296 |   3 | 2478.0 |
        Depths |   8753 |   8335 |    418 |    681 |   5718 |   4 | 2188.2 |
           Zot |   6173 |   5781 |    392 |     96 |   4322 |   5 | 1234.6 |
         Abyss |    233 |    233 |      0 |      0 |    113 |   1 |  233.0 |
         Trove |     53 |     53 |      0 |      0 |      0 |   1 |   53.0 |
         Sewer |    650 |    650 |      0 |      7 |    401 |   1 |  650.0 |
       Volcano |   1079 |   1079 |      0 |    403 |    500 |   1 | 1079.0 |
        Wizlab |   1439 |   1439 |      0 |     67 |   1071 |   1 | 1439.0 |
      Gauntlet |    621 |    621 |      0 |      8 |    484 |   1 |  621.0 |
               +--------+--------+--------+--------+--------+-----+--------+

Top non-repeatable levels by time:
Vaults:4: 4219 daAuts
Vaults:2: 3461 daAuts
 Snake:1: 3354 daAuts
   Elf:3: 3225 daAuts
Depths:2: 3102 daAuts
Shoals:3: 3084 daAuts
 Crypt:2: 3026 daAuts
 Snake:4: 3015 daAuts
Shoals:1: 2966 daAuts
Vaults:1: 2892 daAuts
Vaults:5: 2823 daAuts
 Crypt:1: 2752 daAuts
Vaults:3: 2561 daAuts
Depths:4: 2542 daAuts
  Lair:3: 2286 daAuts
